AoeStats
← Spsツ

Four Lakes

510135313Analyzed
1v1 RM · 2d ago on Sep 29, 2026· 25m 43s· 2 players
Game mode
Random Map
Map size
Tiny (2 player)
Population
200
Speed
Normal
Resources
Standard
Victory
Conquest
Starting age
Dark Age
Ending age
Imperial Age
RankedLock teamsTeams togetherTeam positionsShared explorationLock speedFull tech treeHidden civsTurbo modeCheats
Victory
Defeat
🇭🇳 Spanish · Honduras
1276
+16
🇸🇰 Ethiopians · Slovakia
1278
-16
Mr.117
8:10 Loom
10:59 Feudal Age
11:40 Double-Bit Axe
14:51 Forging
15:12 Fishing Lines
19:32 Castle Age
18:50 Bloodlines
20:15 Husbandry
19:36 Light Cavalry
20:52 Iron Casting
20:42 Bow Saw
20:27 Gold Mining
24:03 Scale Barding Armor
25:17 Horse Collar
Spsツ
3:10 Loom
12:17 Feudal Age
17:18 Castle Age
18:36 Forging
18:32 Scale Barding Armor
20:22 Double-Bit Axe
20:59 Husbandry
21:35 Iron Casting
21:59 Wheelbarrow
21:09 Town Watch
Connection lost

Rejoining the realm…

Still unreachable

The connection could not be restored.

Session expired

The server has moved on; the page needs a fresh start.